cohdb
Replays
Latest Replays
All Replays
Popular Replays
Top Player Replays
Match Explorer
How It Works
Community
CoH3 Stats
Reddit
Sign in to upload your games and track your stats! →
Sign in with Steam
Match 33957831
Unlisted
Match 33957831
Overview
Messages
Build Orders
End
Vickers Machine Gun Team
Selects Australian Defense Battlegroup
Selects Australian Light Infantry Section
Australian Light Infantry Section
Construct Section Command Post
Australian Light Infantry Section
ML 3-inch Mortar Team
Selects Defensive Tactics
Construct Field Infirmary
Infantry Section
Construct Platoon Command Post
Selects CMP 15cwt Supply Run
Infantry Section
Selects Reinforced Resource Caches
6-pounder Anti-tank Gun Team
Australian Light Infantry Section
Infantry Section
MoRaCe
Khelben
Microsoft Office Excel
Microsoft Office Word
0
0
Comments
sign in to comment!
No comments posted yet!